 Dungeon Crawl Stone Soup version 0.15.2 (webtiles) character file.

16348 Heini the Bludgeoner (level 12, -50/113 HPs)
             Began as a Minotaur Fighter on Feb 6, 2015.
             Was a High Priest of Okawaru.
             Annihilated by a titanic slime creature (87 damage)
             ... on Level 12 of the Dungeon.
             The game lasted 00:30:46 (10866 turns).

Heini the Bludgeoner (Minotaur Fighter)            Turns: 10866, Time: 00:30:46

HP -50/113       AC 32     Str 26      XL: 12   Next:  9%
MP   6/6         EV  5     Int  5      God: Okawaru [*****.]
Gold 826         SH 10     Dex 10      Spells:  0 memorised, 11 levels left

rFire  x . .     SeeInvis +     x - +4 flail (protect)
rCold  + . .     Clarity  .     z - +2 plate armour {rPois}
rNeg   . . .     rCorr    +     J - +0 shield
rPois  +         rRot     .     (helmet restricted)
rElec  .         Spirit   .     R - +2 cloak {+Inv}
SustAb .         Warding  .     h - +1 pair of gloves
rMut   .         Stasis   .     v - +2 pair of boots {Stlth+}
Gourm  .                        s - amulet of resist corrosion
MR     .....                    O - ring of ice
                                C - ring of see invisible

@: not resistant to hostile enchantments, extremely unstealthy
A: retaliatory headbutt, horns 2
a: Heroism, Finesse, Renounce Religion, Evoke Invisibility


You were on level 12 of the Dungeon.
You worshipped Okawaru.
Okawaru was extremely pleased with you.
You were not hungry.

You visited 2 branches of the dungeon, and saw 13 of its levels.

You collected 826 gold pieces.

Inventory:

Hand weapons
 x - a +4 flail of protection (weapon)
 E - a +1 dire flail of draining
 G - a +1 flail of protection
Armour
 h - a +1 pair of gloves (worn)
 v - a +2 pair of boots of stealth (worn)
 y - the +1 cloak "Rudecry" {Str+4}
   (You found it on level 7 of the Dungeon)

   It affects your strength (+4).
 z - a +2 plate armour of poison resistance (worn)
 J - a +0 shield (worn)
 R - a +2 cloak of darkness (worn)
Magical devices
 b - a wand of digging (2)
 c - a wand of hasting (2) {unknown}
 t - a wand of magic darts (22)
 w - a wand of slowing (13)
 H - a wand of polymorph (12)
 P - a wand of magic darts (20)
Comestibles
 d - 12 bread rations
 r - 3 meat rations
 A - 2 royal jellies
 D - 6 beef jerkies
 I - 11 fruits
 T - 4 rotting chunks of orc flesh
 U - 5 rotting chunks of hill giant flesh
 W - 2 chunks of sheep flesh
Scrolls
 f - 2 scrolls of fear
 k - 2 scrolls of magic mapping
 m - 5 scrolls of teleportation
 o - 3 scrolls of recharging
 p - 10 scrolls of remove curse
 K - 2 scrolls of fog
 L - 2 scrolls of identify
 Q - a scroll of immolation {unknown}
 S - 2 scrolls of amnesia
Jewellery
 s - an amulet of resist corrosion (around neck)
 C - a ring of see invisible (left hand)
 F - an uncursed ring of fire
 O - a ring of ice (right hand)
 V - a cursed ring of loudness {unknown}
Potions
 a - a potion of poison
 e - 3 potions of might
 g - 7 potions of curing
 i - a potion of restore abilities
 j - 3 potions of haste
 l - a potion of heal wounds
 n - a potion of mutation
 q - 2 potions of resistance
 u - a potion of berserk rage
 B - 3 potions of magic
 M - a potion of lignification
 N - a potion of agility {unknown}


   Skills:
 * Level 12.7 Fighting
 * Level 15.0 Maces & Flails
 * Level 12.8 Armour
 - Level 3.6 Shields
 + Level 0.4 Invocations
 + Level 0.6 Evocations


You had 11 spell levels left.
You didn't know any spells.

Dungeon Overview and Level Annotations

Branches:
Dungeon (12/15)            Temple (1/1) D:7            Lair (0/8) D:11
    Orc: D:9-12

Altars:
Ashenzari
Cheibriados
Dithmenos
Elyvilon
Fedhas
Kikubaaqudgha
Makhleb
Nemelex Xobeh
Okawaru
Qazlal
Sif Muna
Trog
Vehumet
Xom
Yredelemnul
Zin
The Shining One

Shops:
D:4 *   D:5 (}:}   D:9 ?   D:10 *

Annotations:
D:7 exclusion: statue


Innate Abilities, Weirdness & Mutations

You reflexively headbutt those who attack you in melee.
You have a pair of horns on your head.


Message History

The very large slime creature is moderately wounded.
Two slime creatures merge to form an enormous slime creature.
You bludgeon the enormous slime creature!!
The enormous slime creature is moderately wounded.
Two slime creatures merge to form a titanic slime creature.
A slime creature comes into view.
You thump the titanic slime creature!
You headbutt the titanic slime creature.
The titanic slime creature is moderately wounded.
The titanic slime creature hits you!!!!
Ouch! That really hurt!
You bludgeon the titanic slime creature!!
You headbutt the titanic slime creature.
The titanic slime creature is heavily wounded.
You bludgeon the titanic slime creature!!
Your headbutt misses the titanic slime creature.
The titanic slime creature is heavily wounded.
The titanic slime creature hits you!!!!
Ouch! That really hurt!
You die...

..####.########### #.# #......#
.................# #.# #.####.#
.#####.#########.# #%###.# #.#
.#####...........#.###..)#.####.#
.......................).........
.................#........<#.####
###.....########J#...#######.# #
..'.....'..# #J#... #
###.....##.## #@#... #.....##..#
#.#...# #.....###.# #.##..# ####
#.....# #.####.....# #... #.....#
#.#.....#.## #.##
#.....###'#.......# #.#
#.....#...........# #######.##
######......#.......#.........
#......####.####....<..##


You could see a titanic slime creature and a slime creature.

Vanquished Creatures
  Harold (D:11)
  Nergalle (D:11)
  A silver statue (D:9)
  3 hill giants (D:12)
  A manticore (D:12)
  An ugly thing (D:11)
  3 cyclopes
  2 centaur zombies (D:12)
  A smoke demon (D:9)
  4 trolls
  A wandering mushroom (D:11)
  2 spectral orcs (D:11)
  A deep elf mage (D:12)
  A two-headed ogre (D:8)
  A water elemental (D:11)
  A basilisk (D:12)
  A wyvern (D:12)
  A hill giant zombie (D:12)
  9 yaks
  A deep elf fighter (D:11)
  2 hippogriffs (D:11)
  3 vampire mosquitoes (D:12)
  Edmund (D:5)
  A water moccasin (D:10)
  3 ice beasts
  The ghost of Heini the Covered, an average MiFi (D:3)
  A manticore zombie (D:8)
  3 ogres
  8 orc warriors
  2 black bears
  A necrophage (D:12)
  3 sky beasts
  5 phantoms
  A yellow wasp (D:9)
  4 big kobolds
  Sigmund (D:4)
  Duvessa (D:5)
  4 centaurs
  Blork the orc (D:6)
  A cyclops zombie (D:10)
  A wyvern zombie (D:6)
  5 giant frogs
  3 scorpions
  3 jellies
  A yak zombie (D:8)
  10 killer bees
  A troll zombie (D:11)
  Dowan (D:5)
  6 crimson imps
  An electric eel (D:11)
  A goliath beetle (D:7)
  7 hounds
  A quasit (D:8)
  2 giant frog skeletons
  10 orc wizards
  8 worker ants
  7 iguanas
  4 orc priests
  A killer bee zombie (D:9)
  3 sheep (D:12)
  An ogre zombie (D:11)
  A hound zombie (D:6)
  2 mummies
  11 gnolls
  A green rat (D:11)
  A worker ant zombie (D:6)
  17 adders
  2 giant mites
  A goliath beetle zombie (D:7)
  3 shadow imps
  An ufetubus (D:9)
  3 worms
  An iguana skeleton (D:8)
  An orc skeleton (D:8)
  3 giant geckos
  2 oozes
  42 orcs
  25 bats
  4 giant cockroaches
  11 goblins
  19 hobgoblins
  4 quokkas
  2 ball pythons
  5 giant newts
  2 giant spores
  2 goblin skeletons
  3 hobgoblin zombies (D:8)
  5 jackals
  A jackal zombie (D:8)
  29 kobolds
  6 kobold skeletons
  A kobold zombie (D:8)
  An orc zombie (D:8)
  A quokka skeleton (D:3)
  22 rats
  2 ballistomycetes (D:8)
  A fungus (D:11)
399 creatures vanquished.

Notes
Turn   | Place    | Note
--------------------------------------------------------------
     0 | D:1      | Heini, the Minotaur Fighter, began the quest for the Orb.
     0 | D:1      | Reached XP level 1. HP: 19/19 MP: 1/1
   142 | D:1      | Reached XP level 2. HP: 20/27 MP: 1/1
   144 | D:1      | Reached skill level 4 in Fighting
   932 | D:2      | Reached XP level 3. HP: 34/34 MP: 2/2
   987 | D:2      | Found a glowing silver altar of Zin.
  1177 | D:2      | Reached XP level 4. HP: 32/41 MP: 2/2
  1433 | D:2      | Reached skill level 5 in Armour
  1569 | D:3      | Reached XP level 5. HP: 35/47 MP: 2/2
  1717 | D:3      | Reached skill level 5 in Fighting
  1793 | D:3      | Noticed Heini's ghost (average MiFi)
  1804 | D:3      | Killed Heini's ghost
  1804 | D:3      | Reached skill level 5 in Maces & Flails
  1804 | D:3      | Reached XP level 6. HP: 32/56 MP: 3/3
  2117 | D:4      | Reached skill level 6 in Armour
  2136 | D:4      | Found Banlyj's General Store.
  2214 | D:4      | Noticed Sigmund
  2228 | D:4      | Killed Sigmund
  2521 | D:5      | Entered Level 5 of the Dungeon
  2529 | D:5      | Found a stormy altar of Qazlal.
  2530 | D:5      | Found Ihipasoi's Book Shop.
  2541 | D:5      | Reached XP level 7. HP: 51/62 MP: 3/3
  2571 | D:5      | Found Fruis' Gadget Boutique.
  2628 | D:5      | Reached skill level 7 in Armour
  3202 | D:5      | Found Waeda's Gadget Boutique.
  3202 | D:5      | Noticed Duvessa
  3202 | D:5      | Noticed Dowan
  3221 | D:5      | Killed Duvessa
  3222 | D:5      | Killed Dowan
  3222 | D:5      | Reached XP level 8. HP: 71/71 MP: 3/3
  3252 | D:5      | Found a bloodstained altar of Trog.
  3285 | D:5      | Found Doirch's Weapon Boutique.
  3328 | D:5      | Noticed Edmund
  3355 | D:5      | Killed Edmund
  3355 | D:5      | Reached skill level 8 in Armour
  3704 | D:6      | Reached skill level 9 in Armour
  3820 | D:6      | Noticed Blork the orc
  3830 | D:6      | Killed Blork the orc
  3833 | D:6      | Reached XP level 9. HP: 81/81 MP: 4/4
  4354 | D:7      | Got a jewelled cloak
  4360 | D:7      | Identified the cursed +1 cloak "Rudecry" {Str+4} (You found it on level 7 of the Dungeon)
  4617 | D:7      | Found a radiant altar of Vehumet.
  4856 | D:7      | Found a staircase to the Ecumenical Temple.
  4866 | Temple   | Entered the Ecumenical Temple
  5166 | D:7      | Found an iron altar of Okawaru.
  5169 | D:7      | Became a worshipper of Warmaster Okawaru
  5766 | D:8      | Found a glowing golden altar of the Shining One.
  5843 | D:8      | Reached skill level 10 in Armour
  5848 | D:8      | Reached skill level 10 in Maces & Flails
  6395 | D:8      | Acquired Okawaru's first power
  6936 | D:8      | Reached XP level 10. HP: 85/92 MP: 4/4
  7105 | D:9      | Found Numelai's Magic Scroll Boutique.
  7147 | D:9      | Noticed a silver statue
  7166 | D:9      | Killed a silver statue
  7166 | D:9      | Reached skill level 11 in Maces & Flails
  7273 | D:9      | Reached skill level 10 in Fighting
  7291 | D:9      | Found a shadowy altar of Dithmenos.
  7829 | D:10     | Entered Level 10 of the Dungeon
  7888 | D:10     | Reached skill level 12 in Maces & Flails
  8238 | D:10     | Found Shen Tri's Assorted Antiques.
  8465 | D:11     | Identified a scroll of acquirement
  8611 | D:11     | Found a staircase to the Lair.
  8675 | D:11     | Noticed a cyclops
  8689 | D:11     | Killed a cyclops
  8698 | D:11     | Reached XP level 11. HP: 55/102 MP: 5/5
  8889 | D:11     | Noticed a cyclops
  8915 | D:11     | Reached skill level 13 in Maces & Flails
  8938 | D:11     | Killed a cyclops
  9501 | D:11     | Noticed Harold
  9514 | D:11     | Killed Harold
  9514 | D:11     | Acquired Okawaru's second power
  9642 | D:11     | Found a shattered altar of Ashenzari.
  9675 | D:11     | Noticed Nergalle
  9703 | D:11     | Killed Nergalle
  9890 | D:11     | You fall through a shaft!
  9987 | D:12     | Received a gift from Okawaru
 10030 | D:12     | Found a burning altar of Makhleb.
 10048 | D:12     | Reached skill level 14 in Maces & Flails
 10451 | D:12     | Noticed a hill giant
 10461 | D:12     | Killed a hill giant
 10513 | D:12     | Noticed a hill giant
 10516 | D:12     | Noticed a hill giant
 10525 | D:12     | Killed a hill giant
 10534 | D:12     | Killed a hill giant
 10538 | D:12     | Reached XP level 12. HP: 53/113 MP: 6/6
 10809 | D:12     | Reached skill level 15 in Maces & Flails
 10866 | D:12     | Annihilated by a titanic slime creature

Action                   |  1- 3 |  4- 6 |  7- 9 | 10-12 || total
-------------------------+-------+-------+-------+-------++-------
Melee: Flail             |   111 |   177 |   433 |   544 ||  1265
Invok: Heroism           |       |       |       |     1 ||     1
Evoke: Wand              |       |       |     2 |     1 ||     3
  Use: Scroll            |       |     7 |     7 |    12 ||    26
       Potion            |       |     1 |     1 |       ||     2
  Eat: Chunk             |     1 |     4 |     9 |    15 ||    29
       Bread ration      |       |       |     1 |       ||     1
